 Dungeon Crawl Stone Soup version 0.32-a0-975-g85d4e5bfdb (webtiles) character file.

Game seed: 10530494230094787334

103957 jasper the Slayer (level 15, -12/196 HPs)
             Began as a Grey Draconian Shapeshifter on Apr 19, 2024.
             Was an Initiate of Gozag.
             Mangled by a vampire knight
             ... wielding a +0 great mace
              (16 damage)
             ... on level 15 of the Dungeon.
             The game lasted 00:37:24 (24465 turns).

jasper the Slayer (Grey Draconian Shapeshifter)    Turns: 24465, Time: 00:37:25

Health: -12/196    AC: 22    Str: 32    XL:     15   Next: 90%
Magic:  15/15      EV: 12    Int: 11    God:    Gozag
Gold:   6849       SH:  5    Dex: 12    Spells: 12/14 levels left

rFire   . .          .
                       - Unarmed
rCold   . . .        W - melded +3 buckler of Lityh {rPois rC+ Will+}
rNeg    . . .        (body armour unavailable)
rPois   +            j - melded +2 hat {Int+3}
rElec   .            O - melded +2 cloak {rC+}
rCorr   .            l - melded +2 pair of gloves
SInv    .            D - melded +2 pair of boots
Will    +....        w - amulet of reflection
Stlth   +            k - +4 ring of protection
HPRegen 0.52/turn    J - +5 ring of evasion
MPRegen 0.14/turn

%: reflection
@: dragon-form, gold aura, flying
A: dragon claw, dragon scales, flying, boosted hp, mud breath, mud-swimmer, AC
+14, amphibious, giant, unfitting armour, (cold-blooded)
a: Mud Breath, Begin Untransformation, Renounce Religion, Potion Petition, Call
Merchant, Bribe Branch


You were on level 15 of the Dungeon.
You worshipped Gozag.
Gozag was greatly pleased with you.
You were a fearsome iron dragon!
You visited 4 branches of the dungeon, and saw 23 of its levels.
You also visited: Ice Cave.

You collected 8500 gold pieces.
You spent 1536 gold pieces at shops.
You paid 115 gold pieces to Gozag.

Inventory:

Missiles
 u - 3 javelins
 B - 4 throwing nets
 K - a curare-tipped dart
 U - 3 silver javelins
Armour
 j - a +2 hat of intelligence (melded)
 l - a +2 pair of gloves (melded)
 D - a +2 pair of boots (melded)
 O - a +2 cloak of cold resistance (melded)
 W - the +3 buckler of Lityh (melded) {rPois rC+ Will+}
   (You bought it in a shop on level 2 of the Orcish Mines)

   rC+:       It protects you from cold.
   rPois:     It protects you from poison.
   Will+:     It increases your willpower.
Jewellery
 k - a +4 ring of protection (left foreclaw)
 w - an amulet of reflection (around neck)
 C - a ring of flight
 F - a ring of see invisible
 J - a +5 ring of evasion (right foreclaw)
 P - a ring of protection from fire
 V - a ring of willpower
Talismans
 b - a granite talisman
 c - a dragon-blood talisman (active)
Wands
 d - a wand of flame (28)
 x - a wand of polymorph (15)
 y - a wand of digging (13)
 A - a wand of roots (30)
 E - a wand of charming (13)
 H - a wand of light (5)
 L - a wand of mindburst (10)
Scrolls
 f - 2 scrolls of revelation
 g - 2 scrolls of blinking
 h - 2 scrolls of poison
 m - 2 scrolls of noise
 r - 2 scrolls of amnesia
 s - 7 scrolls of vulnerability
 t - a scroll of enchant armour
 z - a scroll of enchant weapon
 G - 6 scrolls of teleportation
 N - 11 scrolls of identify
 Q - 2 scrolls of fog
 S - 2 scrolls of immolation
 X - 2 scrolls of brand weapon
 Y - 2 scrolls of fear
Potions
 a - 6 potions of lignification
 e - 8 potions of haste
 i - 3 potions of attraction
 n - 3 potions of degeneration
 o - 2 potions of enlightenment
 p - 2 potions of heal wounds
 q - 2 potions of magic
 v - 5 potions of curing
 I - 2 potions of mutation
 M - a potion of might
 R - 3 potions of invisibility
 T - 2 potions of cancellation
 Z - a potion of ambrosia


   Skills:
 - Level 21.3 Fighting
 - Level 1.7 Dodging
 - Level 15.1 Unarmed Combat
 + Level 14.2 Shapeshifting


You had 12 spell levels left.
You knew the following spells:

 Your Spells              Type           Power      Damage    Failure   Level
a - Blink                 Tloc           0%         N/A       47%         2

Your spell library contained the following spells:

 Spells                   Type           Power      Damage    Failure   Level
 Magic Dart               Conj           0%         1d3       34%         1
 Call Imp                 Summ           0%         N/A       47%         2
 Ensorcelled Hibernation  Hex/Ice        0%         N/A       47%         2
 Lesser Beckoning         Tloc           0%         N/A       47%         2
 Mercury Vapours          Alch/Air       0%         N/A       47%         2
 Momentum Strike          Conj/Tloc      0%         3d8       47%         2
 Sublimation of Blood     Necr           0%         N/A       47%         2
 Fugue of the Fallen      Necr           0%         N/A       71%         3
 Mephitic Cloud           Conj/Alch/Air  0%         N/A       71%         3
 Ozocubu's Armour         Ice            0%         N/A       71%         3
 Sigil of Binding         Hex            0%         N/A       71%         3
 Summon Ice Beast         Ice/Summ       0%         N/A       71%         3
 Tukima's Dance           Hex            0%         N/A       71%         3
 Anguish                  Hex/Necr       0%         N/A       98%         4
 Cause Fear               Hex            0%         N/A       98%         4
 Dimensional Bullseye     Hex/Tloc       0%         N/A       98%         4
 Iskenderun's Mystic Bla Conj/Tloc 0%             2d3        (+2d1     98%         4
 Leda's Liquefaction      Alch/Erth      0%         N/A       98%         4
 Petrify                  Alch/Erth      0%         N/A       98%         4
 Freezing Cloud           Conj/Ice/Air   0%         6-21      100%        5
 Metabolic Englaciation   Hex/Ice        0%         N/A       100%        5
 Summon Mana Viper        Hex/Summ       0%         N/A       100%        5
 Permafrost Eruption      Ice/Erth       0%         2x4d1     100%        6
 Enfeeble                 Hex            0%         N/A       100%        7
 Monstrous Menagerie      Summ           0%         N/A       100%        7
 Summon Hydra             Summ           0%         N/A       100%        7


Dungeon Overview and Level Annotations

Branches:
Dungeon (15/15)            Temple (0/1) D:6            Lair (5/5) D:11
 Shoals (0/4) Lair:2        Snake (0/4) Lair:2        Slime (0/5) Lair:5
    Orc (2/2) D:12            Elf (0/3) Orc:2        Vaults (0/5) D:14
 Depths (1/4) D:15          IceCv (visited)

Altars:
Ashenzari
Cheibriados
Dithmenos
Elyvilon
Fedhas
Gozag
Kikubaaqudgha
Makhleb
Okawaru
Ru
Trog
Vehumet
Xom
The Shining One
Beogh
Jiyva

Shops:
D:11 :   D:12 (   Orc:2 :[((*

Annotations:
D:12 2 runed translucent doors, ezpacito's ghost, journeyman CoCK
Depths:1 1 runed translucent door


Innate Abilities, Weirdness & Mutations

You are a fearsome iron dragon!
You have a powerful clawing attack.
Your giant scaled body is strong and resilient, but less evasive.
Your breath weapon is enhanced in this form.
You are flying.
Your maximum health is increased.
Your armour is entirely melded.
You are incapable of wielding weapons or throwing items.
You can breathe torrents of mud.
You are unimpeded by mud.
Your dull iron-grey scales are very hard. (AC +14)
You are amphibious.
You cannot fit into any form of body armour.
((You are cold-blooded and may be slowed by cold attacks.))


Message History

You take 6 damage, and have 48/195 hp.
The spriggan defender skeleton hits you but does no damage.
Something hits you but does no damage. Something bites you.
* * * LOW HITPOINT WARNING * * *
Something draws strength from your injuries!
Something hits you!!
* * * LOW HITPOINT WARNING * * *
Something bites you but does no damage.
The spriggan defender skeleton barely misses you.
You fly upwards.
Welcome back to the Dungeon!
Reactivating autopickup.
There is a staircase to the Depths, spattered with blood here.
You take 19 damage, and have 29/195 hp.
You start resting.
Something hits you.
* * * LOW HITPOINT WARNING * * *
Deactivating autopickup; reactivate with Ctrl-A.
Something bites you but does no damage. Something hits you but does no damage.
Something barely misses you. Something hits you!
* * * LOW HITPOINT WARNING * * *
Something bites you but does no damage.
You take 14 damage, and have 15/195 hp.
You claw something! You bite something! Something hits you but does no damage.
You block something's attack. Something hits you!
* * * LOW HITPOINT WARNING * * *
Something bites you but does no damage.
You take 9 damage, and have 6/195 hp.
You feel much better. Something hits you but does no damage.
Something bites you but does no damage. Something hits you but does no damage.
Something bites you but does no damage.
You regained 21 hp, and now have 27/195 hp.
You maul something!!!!
Reactivating autopickup.
You feel a bit more experienced. Something hits you!!
* * * LOW HITPOINT WARNING * * *
Deactivating autopickup; reactivate with Ctrl-A.
Something bites you but does no damage.
You take 24 damage, and have 3/196 hp.
You maul something!!!
Something hits you!
You die...
Your body crumbles into a pile of gold.

....# #.......#...............#
....#####...........##...##.....'
.........###......P..#...##.....#
.........#.....P.P.ß......#.....#
.........#.........P.....##....##
.........#......ß.ß......########
.........#....P.ß...ß............
.........#)..ß.ß.[.............).
.........)[...ß{Dß......###......
.........[..P.P.[$P...P...#......
##'#.....)Pß..............#######
...#........P.P....ßP.ß...#......
...#......................'......
...#.......P..............#......
...#..........P.....ß.....#######
...#.....#######........=..~~ß~~.
...#.....#.....######.......~~~..


There were no monsters in sight!

Vanquished Creatures
  Rupert (D:14)
  Gastronok (D:12)
  A frost giant (IceCv)
  An orc warlord (Orc:2)
  5 very ugly things (D:15)
  A quicksilver dragon zombie (Depths:1)
  Snorg (Orc:2)
  An ice dragon (Depths:1)
  A rakshasa (D:15)
  5 hydras
  A vault guard (D:14)
  7 two-headed ogres
  5 centaur warriors
  7 death yaks
  A deep troll shaman (D:15)
  A boulder beetle (D:11)
  2 tengu warriors
  A deep troll earth mage (D:15)
  An orc high priest (Orc:2)
  An occultist (D:15)
  2 vampire magi (D:15)
  4 skeletal warriors
  A spark wasp zombie (D:15)
  An arcanist (D:13)
  A deep troll (D:14)
  A harpy (Lair:2)
  2 lindwurms
  2 orc knights (Orc:2)
  2 deep elf pyromancers
  2 necromancers (D:15)
  2 obsidian bats
  15 ugly things
  A lindwurm (shapeshifter) (D:14)
  2 cyclopes
  2 orc sorcerers (Orc:2)
  10 elephants
  A manticore (D:14)
  An ice statue (IceCv)
  2 kobold blastminers (Orc:2)
  2 black mambas (Lair:5)
  An iron dragon skeleton (Depths:1)
  2 gargoyles (D:13)
  13 cane toads
  4 torpor snails
  14 komodo dragons
  An efreet (D:15)
  3 rime drakes
  A tengu conjurer (D:14)
  9 trolls
  6 hornets
  14 polar bears
  4 blink frogs (Lair:3)
  4 dream sheep
  A spriggan zombie (D:15)
  11 slime creatures
  Sigmund (D:3)
  13 spriggans (Lair:5)
  64 yaks
  4 wraiths
  4 wyverns
  5 steam dragons
  A vampire (D:14)
  4 basilisks
  21 vampire mosquitoes
  4 wargs
  3 nagas (Lair:2)
  17 water moccasins
  Duvessa (D:7)
  8 black bears
  26 orc warriors
  2 ice beasts
  47 wolves
  5 boggarts (Lair:5)
  5 ogres
  3 centaurs
  2 phantoms
  A kobold brigand (D:11)
  14 bullfrogs
  A gnoll sergeant (D:6)
  2 two-headed ogre simulacra (D:11)
  Dowan (D:7)
  8 killer bees
  10 howler monkeys
  A vampire bat (D:4)
  An electric eel (D:6)
  A bombardier beetle (D:5)
  4 crimson imps (D:10)
  12 jellies (Lair:5)
  3 hounds
  19 orc priests
  A gnoll bouda (D:5)
  2 sleepcaps
  Jessica (D:2)
  Natasha (D:3)
  2 iguanas
  33 orc wizards
  A statue (D:8)
  11 gnolls
  4 adders
  A shadow imp (D:8)
  2 white imps
  2 ufetubi (D:5)
  2 dart slugs
  3 fire bats (D:4)
  A ribbon worm (D:2)
  100 orcs
  An orc (shapeshifter) (D:14)
  2 spectral bats (D:4)
  3 bat skeletons (D:4)
  A bat zombie (D:4)
  5 endoplasms
  2 giant cockroaches
  7 hobgoblins
  5 jackals
  9 kobolds
  6 quokkas
  7 ball pythons
  14 bats
  A bat simulacrum (D:4)
  A frilled lizard (D:1)
  2 goblins (D:1)
  3 rats
743 creatures vanquished.

Vanquished Creatures (others)
  A deep elf pyromancer (D:12)
  An arcanist (D:6)
2 creatures vanquished.

Grand Total: 745 creatures vanquished

Notes
Turn   | Place    | Note
-------+----------+-------------------------------------------
     0 | D:1      | jasper the Draconian Shapeshifter began the quest for the
                  | Orb.
     0 | D:1      | Reached XP level 1. HP: 16/16 MP: 1/1
   148 | D:1      | Reached XP level 2. HP: 18/24 MP: 2/2
   236 | D:1      | Reached skill level 2 in Fighting
   710 | D:2      | Reached XP level 3. HP: 26/30 MP: 3/3
   801 | D:2      | Reached skill level 3 in Fighting
   801 | D:2      | Reached XP level 4. HP: 26/38 MP: 4/4
  1060 | D:2      | Noticed Jessica
  1065 | D:2      | Killed Jessica
  1220 | D:3      | Noticed Sigmund
  1228 | D:3      | Killed Sigmund
  1229 | D:3      | Reached skill level 4 in Fighting
  1229 | D:3      | Reached skill level 5 in Unarmed Combat
  1229 | D:3      | Reached XP level 5. HP: 47/47 MP: 5/5
  1229 | D:3      | Reached XP level 6. HP: 55/55 MP: 6/6
  1487 | D:3      | Reached skill level 5 in Fighting
  1539 | D:3      | Found a transporter.
  1547 | D:3      | Found a transporter.
  1656 | D:3      | Found a sacrificial altar of Ru.
  1696 | D:3      | Became a worshipper of Ru the Awakened
  1765 | D:3      | Found a glowing golden altar of the Shining One.
  1928 | D:3      | Noticed Natasha
  1933 | D:3      | Killed Natasha
  2163 | D:3      | Your scales start taking on a dull iron-grey colour.
  2163 | D:3      | Reached XP level 7. HP: 62/62 MP: 7/7
  2183 | D:4      | Reached skill level 6 in Fighting
  2211 | D:4      | Found a snail-covered altar of Cheibriados.
  2597 | D:4      | Found a blossoming altar of Fedhas.
  2815 | D:4      | Reached skill level 5 in Shapeshifting
  2874 | D:4      | Found an opulent altar of Gozag.
  2896 | D:4      | Fell from the grace of Ru
  2896 | D:4      | Became a worshipper of Gozag Ym Sagoz the Greedy
  2984 | D:5      | Entered Level 5 of the Dungeon
  3104 | D:5      | Reached XP level 8. HP: 70/70 MP: 8/8
  3433 | D:5      | Identified the +11 long sword "Kaur" {drain, Str+3}
  3864 | D:6      | Found a white marble altar of Elyvilon.
  4103 | D:6      | Found a bloodstained altar of Trog.
  4104 | D:6      | Noticed a wizard
  4109 | D:6      | Killed a wizard
  4703 | D:6      | Found a staircase to the Ecumenical Temple.
  4742 | D:6      | Reached skill level 7 in Fighting
  5107 | D:7      | Noticed a cyclops
  5121 | D:7      | Killed a cyclops
  5122 | D:7      | Reached XP level 9. HP: 81/81 MP: 9/9
  5133 | D:7      | Reached skill level 8 in Fighting
  5332 | D:7      | Found a shadowy altar of Dithmenos.
  5332 | D:7      | Noticed Duvessa
  5332 | D:7      | Noticed Dowan
  5343 | D:7      | Killed Duvessa
  5358 | D:7      | Killed Dowan
  5359 | D:7      | Reached skill level 9 in Fighting
  5652 | D:7      | Found an ancient bone altar of Kikubaaqudgha.
  5714 | D:7      | Learned a level 2 spell: Blink
  6018 | D:8      | Found a burning altar of Makhleb.
  6115 | D:8      | Found a radiant altar of Vehumet.
  6293 | D:8      | Reached XP level 10. HP: 81/93 MP: 10/10
  6299 | D:8      | Reached skill level 10 in Fighting
  6477 | D:9      | Reached skill level 10 in Unarmed Combat
  6612 | D:9      | Reached skill level 11 in Fighting
  6776 | D:9      | Found an iron altar of Okawaru.
  6819 | D:9      | Found a broken altar of Ashenzari.
  7341 | D:10     | Entered Level 10 of the Dungeon
  7341 | D:10     | Noticed a two-headed ogre
  7344 | D:10     | Noticed a two-headed ogre
  7359 | D:10     | Killed a two-headed ogre
  7362 | D:10     | Killed a two-headed ogre
  7363 | D:10     | Reached skill level 12 in Fighting
  7443 | D:10     | Reached XP level 11. HP: 104/104 MP: 11/11
  7552 | D:10     | Found a shimmering altar of Xom.
  8114 | D:11     | Found Fastiq's Book Boutique.
  8156 | D:11     | Found a frozen archway.
  8190 | D:11     | Noticed a two-headed ogre
  8206 | D:11     | Killed a two-headed ogre
  8214 | D:11     | Noticed a two-headed ogre
  8225 | D:11     | Killed a two-headed ogre
  8228 | IceCv    | Entered an ice cave
  8326 | IceCv    | Reached skill level 13 in Fighting
  8432 | IceCv    | Noticed a death yak
  8434 | IceCv    | Noticed a death yak
  8442 | IceCv    | Noticed a death yak
  8454 | IceCv    | Killed a death yak
  8458 | IceCv    | Killed a death yak
  8467 | IceCv    | Killed a death yak
  8631 | IceCv    | Reached skill level 14 in Fighting
  8851 | IceCv    | Noticed a death yak
  8851 | IceCv    | Noticed a frost giant
  8887 | IceCv    | Killed a frost giant
  8888 | IceCv    | Reached XP level 12. HP: 96/118 MP: 12/12
  8896 | IceCv    | Killed a death yak
  9029 | IceCv    | Got the Catalogue of Freezing
  9278 | IceCv    | Reached skill level 15 in Fighting
  9635 | D:11     | Noticed a boulder beetle
  9648 | D:11     | Killed a boulder beetle
  9654 | D:11     | Noticed a two-headed ogre
  9663 | D:11     | Killed a two-headed ogre
  9904 | D:11     | Found a staircase to the Lair.
  9913 | Lair:1   | Entered Level 1 of the Lair of Beasts
 10344 | Lair:1   | Reached skill level 16 in Fighting
 10500 | Lair:1   | Reached skill level 15 in Unarmed Combat
 10596 | Lair:1   | Found a burning altar of Makhleb.
 10850 | Lair:1   | Reached XP level 13. HP: 129/129 MP: 13/13
 11243 | Lair:2   | Found a staircase to the Snake Pit.
 11588 | Lair:2   | Found a staircase to the Shoals.
 11668 | Lair:2   | Reached skill level 17 in Fighting
 12635 | Lair:3   | Reached skill level 18 in Fighting
 13327 | Lair:3   | Reached skill level 19 in Fighting
 14838 | Lair:5   | Entered Level 5 of the Lair of Beasts
 14859 | Lair:5   | Reached XP level 14. HP: 120/147 MP: 14/14
 15085 | Lair:5   | Reached skill level 20 in Fighting
 15229 | Lair:5   | Found a staircase to the Slime Pits.
 15238 | Lair:5   | Found a viscous altar of Jiyva.
 16260 | Lair:5   | Reached skill level 21 in Fighting
 16623 | Lair:5   | Identified the staff of Gozag's Approval {rPois rF+++ rN+
                  | rCorr Dex-3 Necro}
 17366 | D:12     | Noticed a lich
 17366 | D:12     | Noticed ezpacito's ghost (journeyman CoCK)
 17505 | D:12     | Noticed Gastronok
 17544 | D:12     | Killed Gastronok
 17778 | D:12     | Found Ysuolom's Weapon Shop.
 17780 | D:12     | Found a staircase to the Orcish Mines.
 17879 | D:12     | Found a runed translucent door.
 17879 | D:12     | Found a runed translucent door.
 17879 | D:12     | Noticed a storm dragon
 18119 | Orc:1    | Entered Level 1 of the Orcish Mines
 18369 | Orc:2    | Entered Level 2 of the Orcish Mines
 18369 | Orc:2    | Found Ettuz's Book Emporium.
 18375 | Orc:2    | Noticed Snorg
 18410 | Orc:2    | Killed Snorg
 18613 | Orc:2    | Found a staircase to the Elven Halls.
 18646 | Orc:2    | Noticed an orc warlord
 18697 | Orc:2    | Killed an orc warlord
 19055 | Orc:2    | Found a roughly hewn altar of Beogh.
 19055 | Orc:2    | Found Cyesohics's Antique Armour Boutique.
 19063 | Orc:2    | Found Numut's Antique Weapon Shop.
 19079 | Orc:2    | Bought a spiked cloak for 370 gold pieces
 19079 | Orc:2    | Identified the +1 cloak "Fuch" {-Tele Int+5 Dex+4} (You
                  | bought it in a shop on level 2 of the Orcish Mines)
 19079 | Orc:2    | Bought a pair of embroidered boots for 292 gold pieces
 19088 | Orc:2    | Bought a faintly glowing buckler for 370 gold pieces
 19088 | Orc:2    | Identified the +3 buckler of Lityh {rPois rC+ Will+} (You
                  | bought it in a shop on level 2 of the Orcish Mines)
 19379 | Orc:2    | Found a roughly hewn altar of Beogh.
 19543 | Orc:2    | Found a roughly hewn altar of Beogh.
 19566 | Orc:2    | Found Jotexeth's Antique Weapon Emporium.
 19706 | Orc:2    | Found a roughly hewn altar of Beogh.
 19886 | Orc:2    | Found a roughly hewn altar of Beogh.
 19890 | Orc:2    | Found Udghoc's Assorted Antiques.
 19968 | Orc:2    | Bought a scroll of teleportation for 84 gold pieces
 19968 | Orc:2    | Bought 2 scrolls of blinking for 420 gold pieces
 20626 | D:12     | Reached skill level 10 in Shapeshifting
 20845 | D:13     | Reached XP level 15. HP: 158/158 MP: 15/15
 21491 | D:14     | Noticed Rupert
 21509 | D:14     | Killed Rupert
 21986 | D:14     | Found a gate to the Vaults.
 22187 | D:15     | Entered Level 15 of the Dungeon
 22375 | D:15     | Found a staircase to the Depths.
 22680 | D:15     | Identified the ring of the Hecatoncheires {Ice rPois Int-3
                  | Stlth+}
 23711 | Depths:1 | Entered Level 1 of the Depths
 24449 | Depths:1 | Found a runed translucent door.
 24457 | Depths:1 | Noticed an iron dragon
 24462 | D:15     | HP: 6/195 [something (9)]
 24465 | D:15     | Mangled by a vampire knight

Illustrated notes

Levels and vault maps discovered:
D:1:      beargit_arrival_greenhouse, layout_loops_ring
D:2:      layout_rooms, item_on_display_a, uniq_jessica
D:3:      layout_loops_ring, mainiacjoe_overflow_alcove_1,
          gammafunk_temple_overflow_arena, uniq_natasha, uniq_sigmund
D:4:      layout_loops_ring, kennysheep_slug_shrine, kennysheep_mini_moat,
          amcnicky_altar_gilded, goddamned_bats
D:5:      layout_rooms, hex_medium, dreamdust_mushroom_princess,
          grunt_ministairs_10, st_stairs_3
D:6:      layout_loops_ring, trog_wizard, nicolae_elyvilon_temple_path,
          temple_fountains
D:7:      layout_rooms, mainiacjoe_overflow_six_doors_small,
          nicolae_dithmenos_the_darkroom, uniq_duvessa
D:8:      layout_rooms, vehumet_statue, old_standard_altar
D:9:      layout_long_grid, ashenzari_conservatory_becter,
          mainiacjoe_overflow_concentric_impassable, minivault_5
D:10:     layout_roguey, led_xom_imps
D:11:     layout_basic, lair_entry_dummy, serial_shops, shop,
          portal_ice_cave_entry_ice_simulacra
D:12:     layout_roguey, orc_david_3, muffindrake_ghost_dual_entry,
          uniq_gastronok
D:13:     layout_rooms
D:14:     layout_cave_pools, david_vaults_4, nicolae_elevator_lobby_asterisk,
          grunt_ministairs_8, minmay_starry_boxes, uniq_rupert
D:15:     gammafunk_depths_entry_grave, layout_gridville, moated_statue
Lair:1:   layout_chaotic_city, basic_altar, guppyfry_lair_drakes
Lair:2:   layout_cellular_growth, mainiacjoe_shoals_entry_four_pools,
          minmay_snake_entry_guardpost_small, infiniplex_staircase_pool_2
Lair:3:   layout_layer_cave, grunt_megastairs_5, serial_bayou_shore_a
Lair:4:   layout_regular_city, minmay_stone_trees_medium
Lair:5:   minmay_lair_end_enchanted_forest, layout_regular_city,
          minmay_slime_entry_jelly_boxes, gauntlet_entry_generic,
          nicolae_lair_lindhole, grunt_megastairs_2
Orc:1:    layout_caves
Orc:2:    grunt_orc_community_town_hall, layout_diamond_mine,
          grunt_orc_community_big_house_1, grunt_orc_community_big_house_2,
          grunt_orc_community_house_2, grunt_orc_community_house_3,
          grunt_orc_community_house_1, grunt_orc_community_house_3,
          serial_shops, nicolae_book_shop_shelving, uniq_snorg
Depths:1: layout_cave_shapes, rand_demon_pan_entry_1, led_sif_pool,
          hangedman_coc_ice_floe, lightli_gold_pyramid, serial_bayou_shore_b

Skill      XL: |  1  2  3  4  5  6  7  8  9 10 11 12 13 14 15 |
---------------+----------------------------------------------+-----
Fighting       | 2 3 4 5 6 7 9 12 14 16 19 21 | 21.3
Unarmed Combat | 4 5 6 7 9 11 13 15 | 15.1
Shapeshifting  | 5 7 10 14 | 14.2
Dodging        | |  1.7

Action                     |  1- 3 |  4- 6 |  7- 9 | 10-12 | 13-15 || total
---------------------------+-------+-------+-------+-------+-------++-------
  Melee: Unarmed           |    86 |   102 |   433 |   706 |  1597 ||  2924
         Tailslap          |     7 |    13 |    54 |   149 |   337 ||   560
         Punch             |     1 |     5 |    12 |       |    17 ||    35
         Bite              |       |       |       |       |    23 ||    23
  Throw: Stone             |     1 |     3 |       |       |       ||     4
Ability: Mud Breath        |       |       |     4 |     4 |     4 ||    12
  Evoke: Wand              |       |       |       |     5 |     1 ||     6
    Use: Scroll            |     6 |     3 |    10 |     6 |     8 ||    33
         Potion            |       |     1 |       |       |     2 ||     3
   Stab: Sleeping          |       |       |     1 |       |       ||     1
         Distracted        |       |       |     2 |     6 |     8 ||    16
 Armour: Skin              |    53 |    72 |   265 |   291 |   894 ||  1575
  Dodge: Dodged            |    57 |    71 |   210 |   518 |  1172 ||  2028
  Block: Other             |       |       |    86 |   128 |   307 ||   521
         Reflection        |       |       |     2 |       |     7 ||     9
         Buckler           |       |       |       |       |    22 ||    22
   Form: Flux              |       |       |     1 |       |       ||     1
         Statue            |       |       |       |       |     1 ||     1
         Dragon            |       |       |       |       |     1 ||     1

Table legend: (Time is in decaauts)
 A = Elapsed time spent in this place.
 B = Non-inter-level travel time spent in this place.
 C = Inter-level travel time spent in this place.
 D = Time resting spent in this place.
 E = Time spent auto-exploring this place.
 F = Levels seen in this place.
 G = Mean time per level.
                   A        B        C        D        E       F      G
               +--------+--------+--------+--------+--------+-----+--------+
         Total |  24011 |  23097 |    914 |   1592 |  15672 |  24 | 1000.5 |
       Dungeon |  13578 |  13032 |    546 |   1407 |   8484 |  15 |  905.2 |
          Lair |   6909 |   6677 |    232 |    100 |   4999 |   5 | 1381.8 |
  Orcish Mines |   2377 |   2242 |    135 |      3 |   1591 |   2 | 1188.5 |
        Depths |     45 |     45 |      0 |      0 |      0 |   1 |   45.0 |
      Ice Cave |   1100 |   1100 |      0 |     81 |    598 |   1 | 1100.0 |
               +--------+--------+--------+--------+--------+-----+--------+

Top non-repeatable levels by time:
    D:15: 2202 daAuts
  Lair:5: 2076 daAuts
   Orc:2: 1882 daAuts
  Lair:2: 1382 daAuts
  Lair:3: 1327 daAuts
     D:6: 1299 daAuts
  Lair:1: 1167 daAuts
   IceCv: 1100 daAuts
    D:14: 1020 daAuts
    D:12: 965 daAuts
  Lair:4: 956 daAuts
     D:3: 925 daAuts
     D:9: 918 daAuts
     D:4: 819 daAuts
     D:5: 794 daAuts
